[Event "Late-Titled-Tuesday-Blitz-June-25-2024"]
[Site "Chess.com"]
[Date "2024.06.25"]
[Round "1"]
[White "Ruprecht_der_Knecht"]
[Black "Rodalquilar"]
[Result "0-1"]
[WhiteElo "2445"]
[BlackElo "2827"]
[TimeControl "180+1"]
[EndTime "14:08:29 PDT"]
[Termination "Rodalquilar won by resignation"]

1. e4 d5 2. exd5 Qxd5 3. Nc3 Qa5 4. d4 Nf6 5. Nf3 Bf5 6. Ne5 c6 7. Bd2 Qb6 8. Bc4 e6 9. Qe2 Nbd7 10. O-O-O Nxe5 11. dxe5 Nd5 12. g4 Bg6 13. f4 O-O-O 14. f5 exf5 15. Bxd5 cxd5 16. Be3 d4 17. gxf5 Bxf5 18.
Rxd4 Rxd4 19. Qf2 Be6 20. Bxd4 Qc6 21. Rd1 b6 22. a4 Be7 23. Nb5 Kb7 24. Kb1 Rd8 25. Qg3 g6 26. b3 Rd5 27. Rd3 Rd7 28. Qf3 Bd5 29. Qf2 a6 30. Nd6+ Bxd6 31. exd6 Rxd6 32. Be5 Rd7 33. Qf4 f5 34. Kb2 Be4 35. Rxd7+ Qxd7 36. Qe3 Qc6 37. Qc3 Qxc3+ 38. Kxc3 Kc6 39.
Bf4 Kd5 40. h4 b5 41. axb5 axb5 42. Kb4 Bxc2 43. Kxb5 Bxb3 44. Kb4 Ba2 45. Kc3 Ke4 46. Bg5 Kf3 47. Kd2 Bc4 48. Ke1 f4 49. Bf6 Kg3 50.
Bd4 f3 51. Bf2+ Kg4 52. Kd2 Kf4 53. Be1 Kg4 54. Bf2 Ba6 55. Ke3 Bb7 56. Be1 Kh3 57. Bf2 Kg2 58. h5 g5 59. h6 Kh3 60. Be1 Kg4 61.
Bf2 Kh5 62. Kd4 Kxh6 63. Ke5 Kh5 64. Bg3 Kg4 65. Bf2 h5 0-1

[Event "Late-Titled-Tuesday-Blitz-June-25-2024"]
[Site "Chess.com"]
[Date "2024.06.25"]
[Round "1"]
[White "manitodeplomo"]
[Black "PhileKhoob"]
[Result "0-1"]
[WhiteElo "2612"]
[BlackElo "2348"]
[TimeControl "180+1"]
[EndTime "14:08:32 PDT"]
[Termination "PhileKhoob won on time"]

1. d4 d5 2. c4 c6 3. Nf3 Nf6 4. Nc3 e6 5. Bg5 dxc4 6. e4 b5 7. a4 b4 8. Nb1 Ba6 9. Qc1 Nbd7 10. Bxc4 Qa5 11. Nbd2 Nb6 12. Nb3 Nxc4 13. Nxa5 Nxa5 14.
Bxf6 gxf6 15. Qf4 Be7 16. Rc1 Rc8 17. g4 Nc4 18. Rxc4 Bxc4 19. g5 fxg5 20. Nxg5 f6 21. Nf3 b3 22. Rg1 Kd7 23. Rg7 Rhf8 24. Rxh7 Kd8 25. h4 Rc7 26. Qh6 Rg8 27. Rh8 Rxh8 28.
Qxh8+ Kd7 29. h5 c5 30. h6 cxd4 31. Nxd4 e5 32. Nf5 Ba3 33. Qg7+ Kc6 34. Qxc7+ Kxc7 35. h7 Bxb2 36. Kd1 Bc3 37. h8=Q b2 38. Kc2 Ba2 39. Kxc3 b1=Q 40. Qg7+ Kb8 41. Qf8+ Kb7 42. Qe7+ Kb8 43. Qd8+ Kb7 44. Qd7+ Kb8 45. Qd8+ Kb7 46. Qe7+ Kb8 47. Qb4+ Qxb4+ 48. Kxb4 Bb1 49. Nd6 Kc7 50. Kc5 Kd7 51.
a5 a6 52. f3 Bd3 53. Kd5 Be2 54. f4 exf4 55. Nb7 f3 56. Nc5+ Ke7 57. e5 fxe5 58.
Kxe5 f2 59. Ne4 f1=Q 60. Nc3 Qa1 61. Kd4 Bb5 0-1

[Event "Late-Titled-Tuesday-Blitz-June-25-2024"]
[Site "Chess.com"]
[Date "2024.06.25"]
[Round "1"]
[White "Marielchessy"]
[Black "Puzzlebot_1294"]
[Result "0-1"]
[WhiteElo "2332"]
[BlackElo "2631"]
[TimeControl "180+1"]
[EndTime "14:08:36 PDT"]
[Termination "Puzzlebot_1294 won by resignation"]

1. e4 e5 2. Nf3 Nc6 3. Bc4 Bc5 4.
c3 Nf6 5. d3 d6 6. O-O a6 7. a4 Ba7 8. Bb3 O-O 9. Be3 h6 10. Nbd2 Re8 11. Re1 Be6 12. Bc2 d5 13. Bxa7 Rxa7 14. Qe2 d4 15. Rad1 Qe7 16. Nf1 b5 17. h3 Rb7 18. cxd4 exd4 19. Nh4 Nd7 20. Qh5 Nb4 21. Bb1 bxa4 22. Ng3 Nf6 23. Qf3 Rb5 24. Nhf5 Bxf5 25. Nxf5 Qe5 26. Rc1 c5 27. g3 h5 28. Qg2 g6 29. f4 Qe6 30. Nh4 Nc6 31.
Nf3 Reb8 32. Re2 a3 33. Ng5 Qd7 34. Ba2 Rxb2 35. Bxf7+ Kg7 36. e5 Nh7 37. Be6 Qe7 38. Nxh7 Kxh7 39. Bd5 Rxe2 40. Qxe2 Nb4 41. Be4 Rb6 42.
Qxh5+ Kg7 43. Qe2 a2 44. Ra1 Qe6 45. g4 Qb3 46. f5 Qb1+ 47. Kh2 Qxa1 48. f6+ Kh7 49.
Bxg6+ Kxg6 50. Qe4+ Kf7 51. Qh7+ Ke6 52. Qe7+ Kd5 53. Qd7+ Kxe5 54. Qc7+ Kxf6 55. Qxb6+ Kg5 56. Qxc5+ Kg6 57. Qd6+ Kg7 58. Qe7+ Kg6 59. Qd6+ Kh7 60. Qe7+ Kg8 61. Qd8+ Kf7 62. Qd7+ Kf8 63. Qd5 Nxd5 0-1

[Event "Late-Titled-Tuesday-Blitz-June-25-2024"]
[Site "Chess.com"]
[Date "2024.06.25"]
[Round "1"]
[White "PositionalPanther"]
[Black "BardArtem"]
[Result "0-1"]
[WhiteElo "2473"]
[BlackElo "2832"]
[TimeControl "180+1"]
[EndTime "14:08:43 PDT"]
[Termination "BardArtem won by checkmate"]

1. Nf3 d5 2. g3 Nd7 3. Bg2 e5 4. d3 Ngf6 5. O-O Bd6 6. Nbd2 O-O 7. e4 c6 8. Re1 Re8 9. c3 h6 10.
a4 a5 11. Qb3 Nc5 12. Qc2 b6 13. b3 Ba6 14. c4 d4 15. Ba3 Bc8 16. Bxc5 Bxc5 17.
h3 Bb4 18. Red1 Nd7 19. Nf1 Nc5 20. g4 Ba6 21. Ng3 b5 22. Nf5 Rb8 23. h4 bxc4 24. bxc4 Bc3 25. Rab1 Rb4 26. g5 h5 27. Nd2 Rxa4 28.
Bf3 g6 29. Nh6+ Kg7 30. Nf1 Rb4 31. Ng3 f6 32. Nxh5+ gxh5 33. Nf5+ Kg6 34. Bxh5+ Kxh5 35. Qe2+ Kg6 36. h5+ Kf7 37. g6+ Ke6 38. Qg4 Kd7 39. Ng7+ Ne6 40. Nxe6 Rxe6 41. g7 Qg8 42. h6 f5 43.
exf5 Rxh6 44. f6+ Ke8 45. Rxb4 Bxb4 46. Qf5 Qf7 47. Qxe5+ Kd7 48. Qf5+ Kc7 49. Qf4+ Bd6 50. Qf3 Rg6+ 51. Kf1 Be5 52. Re1 Rxf6 53. Qg2 Rg6 54. g8=Q Rxg8 55. Qh3 Rf8 56. Qh4 Bd6 57. Re2 Qf6 58. Qe4 Bc8 59. Qh7+ Qf7 60. Qh5 Qf3 61.
Qxa5+ Kd7 62. Qa7+ Kd8 63. Qxd4 Qh1# 0-1

[Event "Late-Titled-Tuesday-Blitz-June-25-2024"]
[Site "Chess.com"]
[Date "2024.06.25"]
[Round "1"]
[White "Queensandpawns"]
[Black "Thjop"]
[Result "0-1"]
[WhiteElo "2262"]
[BlackElo "2603"]
[TimeControl "180+1"]
[EndTime "14:08:44 PDT"]
[Termination "Thjop won by checkmate"]

1. d4 Nf6 2. Nc3 e6 3. Bf4 d5 4. e3 Bb4 5. Ne2 Nbd7 6. a3 Bd6 7. Bxd6 cxd6 8. Ng3 a6 9. Bd3 b6 10. Qe2 Bb7 11.
e4 dxe4 12. Ngxe4 Nxe4 13. Bxe4 Bxe4 14. Nxe4 Nf6 15. O-O O-O 16. c3 Nxe4 17. Qxe4 d5 18. Qd3 Qc7 19. Rfe1 b5 20. Re5 Qc4 21. Qd2 a5 22. Rc1 Rfc8 23. Ree1 Rab8 24. h3 h6 25. Qf4 Qb3 26. Qd2 Rc6 27. Re3 Qc4 28. Rg3 Kf8 29. Qf4 Rbc8 30. Qe5 f6 31. Qf4 b4 32. axb4 axb4 33. Qg4 R8c7 34. Re3 Re7 35. Qg3 Kf7 36. Qb8 Qb3 37. Re2 Rec7 38. Rce1 Re7 39. f4 f5 40.
Qb5 Qc4 41. Qb8 bxc3 42. bxc3 Qxc3 43. Qe5 Rc4 44. Rd1 Rc8 45. Red2 Qc7 46. Qe3 Qd6 47. g4 g6 48. Kg2 Rc4 49. Rd3 Rec7 50. Re1 Rc2+ 51. Rd2 Rxd2+ 52. Qxd2 Rc4 53. gxf5 gxf5 54.
Qa2 Rc7 55. Qe2 Re7 56. Kf3 Re8 57. Ke3 Ke7 58. Qh5 Kd7 59. Qxh6 Qa3+ 60. Kf2 Qb2+ 61.
Kf3 Qxd4 62. Qh7+ Re7 63. Qh4 Rg7 64. Re3 Qb2 65. Qh8 Qg2# 0-1

[Event "Late-Titled-Tuesday-Blitz-June-25-2024"]
[Site "Chess.com"]
[Date "2024.06.25"]
[Round "1"]
[White "Oleg_Papayan"]
[Black "jcibarra"]
[Result "0-1"]
[WhiteElo "2502"]
[BlackElo "2944"]
[TimeControl "180+1"]
[EndTime "14:08:47 PDT"]
[Termination "jcibarra won by checkmate"]

1. d4 Nf6 2. Nc3 d6 3. e4 e5 4. dxe5 dxe5 5. Qxd8+ Kxd8 6. Bc4 Ke8 7. f4 Bb4 8. Bd3 Nc6 9. Nf3 Bg4 10. O-O Bxc3 11. bxc3 Nd7 12. Rb1 Rb8 13. Be3 Bxf3 14. gxf3 exf4 15. Bxf4 Nce5 16. Be3 b6 17. f4 Nxd3 18. cxd3 Ke7 19. Kf2 f5 20. Rg1 Kf7 21. Rg5 fxe4 22. dxe4 Rhe8 23. Kf3 Nf6 24. Rbg1 g6 25. f5 Nd7 26.
fxg6+ hxg6 27. Bf4 Nf8 28. Bxc7 Rbc8 29. Be5 Rc4 30. Bd4 Ra4 31. R1g2 Rc8 32. h4 Rc6 33. h5 gxh5 34. Rxh5 Ke8 35. Rg8 Rc7 36. Rf5 Rf7 37.
Bg7 Rxf5+ 38. exf5 Kf7 39. Rxf8+ Kxg7 40. Rc8 Kf6 41.
Rf8+ Ke5 42. f6 Rxa2 43. Ke3 Ke6 44. Kd4 Rf2 45. Kc4 Rf5 46. Ra8 Rc5+ 47. Kb4 Ra5 48.
Rf8 Ra1 49. f7 Ke7 50. Rb8 Kxf7 51. c4 Ke6 52. c5 Rb1+ 53. Kc4 Rc1+ 54. Kb4 Rxc5 55.
Rb7 Ra5 56. Rh7 Kd6 57. Rh6+ Kc7 58. Rh7+ Kc6 59. Rh6+ Kb7 60. Rh7+ Ka6 61. Rh8 Rb5+ 62. Ka4 Rg5 63. Kb4 Rg4+ 64. Kb3 Ka5 65. Rh5+ b5 66.
Rh6 Rg3+ 67. Ka2 b4 68. Rh7 a6 69. Rh6 Kb5 70. Kb2 a5 71. Ka2 Rg2+ 72. Kb3 a4# 0-1

[Event "Late-Titled-Tuesday-Blitz-June-25-2024"]
[Site "Chess.com"]
[Date "2024.06.25"]
[Round "1"]
[White "petr577"]
[Black "IMJonathanCarlstedt"]
[Result "1-0"]
[WhiteElo "2348"]
[BlackElo "2611"]
[TimeControl "180+1"]
[EndTime "14:08:48 PDT"]
[Termination "petr577 won by checkmate"]

1. d4 Nf6 2. c4 e6 3. Nf3 d5 4. g3 c5 5. cxd5 exd5 6. Bg2 Be7 7.
O-O O-O 8. Nc3 Nc6 9. Bg5 c4 10.
Re1 h6 11. Bxf6 Bxf6 12. e4 dxe4 13. Nxe4 Bxd4 14. Nxd4 Qxd4 15. Qc2 Nb4 16. Qc3 Qxc3 17. bxc3 Nd3 18. Reb1 Rd8 19. a4 Rb8 20. Nd2 Nxf2 21.
Nxc4 Nd3 22. Na5 Bf5 23. Rxb7 Rxb7 24. Bxb7 Nc5 25. Bg2 Rd2 26. Nc6 a6 27. Ne7+ Kh7 28. Nxf5 Rc2 29. Nd6 Rxc3 30. Nxf7 a5 31. Nd6 g5 32.
Ne4 Nxe4 33. Bxe4+ Kg7 34. Bg2 Kf6 35. Bf1 Ke5 36. Bb5 Rc2 37. Re1+ Kd4 38. Re6 h5 39. Re2 Rc1+ 40. Kg2 g4 41. Be8 Kd3 42. Rb2 Rc5 43. Bg6+ Ke3 44. Rb3+ Ke2 45. Rb5 Rc4 46. Bxh5 Rxa4 47.
Rg5 Ke3 48. Bxg4 Ra2+ 49. Kh3 a4 50. Ra5 a3 51. Be6 Ra1 52. Kg4 Kd4 53. h4 Kc3 54. h5 Kb4 55. Ra8 Re1 56. Bf7 Rf1 57.
Bg6 Rh1 58. Kg5 Kb3 59. g4 Kb2 60. h6 a2 61. Rxa2+ Kxa2 62. Bh5 Kb3 63. h7 Rc1 64. h8=Q Rc5+ 65. Kh4 Kb4 66. Qb8+ Kc3 67. Qd6 Kb4 68. g5 Kb5 69. Qxc5+ Kxc5 70. g6 Kd6 71. g7 Ke7 72.
g8=Q Kf6 73. Qf7+ Ke5 74. Kg5 Kd6 75. Qe8 Kc5 76. Kf5 Kd6 77. Qd8+ Kc6 78. Ke5 Kc5 79. Qc7+ Kb5 80. Kd4 Kb4 81. Qb6+ Ka3 82. Kc3 Ka4 83. Qb4# 1-0

[Event "Late-Titled-Tuesday-Blitz-June-25-2024"]
[Site "Chess.com"]
[Date "2024.06.25"]
[Round "1"]
[White "ncofre98"]
[Black "UnTucopalaTimba"]
[Result "1/2-1/2"]
[WhiteElo "2544"]
[BlackElo "2126"]
[TimeControl "180+1"]
[EndTime "14:08:50 PDT"]
[Termination "Game drawn by repetition"]

1. e4 c6 2. d4 d5 3. exd5 cxd5 4. Bd3 Nc6 5. c3 Nf6 6. Bf4 g6 7. Nd2 Bf5 8. Bxf5 gxf5 9. Ne2 e6 10. Ng3 h5 11. h4 Ne4 12. f3 Nxg3 13. Bxg3 Bd6 14.
Bxd6 Qxd6 15. Qe2 Rg8 16. O-O-O O-O-O 17. Kb1 Rg3 18. Nf1 Rg6 19. g3 f4 20. g4 hxg4 21.
fxg4 Rdg8 22. g5 Kb8 23. Nh2 f6 24. gxf6 Rxf6 25. Nf3 Rg3 26. Ka1 Rfg6 27. h5 Rg8 28. h6 Rh8 29. Rh4 a6 30. h7 Qe7 31. Rdh1 Rg7 32.
Qh2 Ka8 33. a3 Na5 34. Ne5 Nc6 35. Nxc6 bxc6 36. Qxf4 Rgxh7 37. Rxh7 Rxh7 38. Rxh7 Qxh7 39. Qd6 Qh1+ 40. Ka2 Kb7 41. Qe7+ Kb6 42. Qd8+ Kb7 43. Qd7+ Kb6 44. Qxe6 Qf1 45. Qe3 Qc4+ 46. Kb1 Qf1+ 47. Ka2 Qc4+ 48. b3 Qf1 49. Qd2 a5 50. Qc2 Qf3 51.
a4 Qe3 52. Qb2 Qd3 53. Ka3 Qf1 54. b4 axb4+ 55. Qxb4+ Kc7 56. a5 Qa1+ 57. Kb3 Qd1+ 58. Kb2 Qd2+ 59. Ka3 Qc1+ 60. Qb2 Qf1 61. Qb6+ Kd6 62.
Qd8+ Ke6 63. Qe8+ Kd6 64. Qd8+ Ke6 65. Qc8+ Kd6 66. Qb8+ Kd7 67. Qb2 Qa6 68. Qb4 Qf1 69. Kb3 Qb1+ 70. Ka4 Qa2+ 71. Qa3 Qc2+ 72. Kb4 Qb1+ 73.
Qb3 Qa1 74. Qa3 Qb1+ 75. Qb3 Qa1 76. Qa4 Qb2+ 77. Qb3 Qa1 1/2-1/2

[Event "Late-Titled-Tuesday-Blitz-June-25-2024"]
[Site "Chess.com"]
[Date "2024.06.25"]
[Round "1"]
[White "Greguer"]
[Black "HaryKane"]
[Result "0-1"]
[WhiteElo "2309"]
[BlackElo "2616"]
[TimeControl "180+1"]
[EndTime "14:08:53 PDT"]
[Termination "HaryKane won by checkmate"]

1. e4 e6 2. f4 d5 3. e5 c5 4. Nf3 Nc6 5. Na3 Nh6 6. c3 Be7 7. Nc2 O-O 8. Bd3 f6 9. O-O c4 10. Be2 fxe5 11. fxe5 Bc5+ 12. Kh1 Ng4 13. Qe1 Ncxe5 14.
h3 Nxf3 15. Bxf3 Nf6 16. b3 e5 17. bxc4 e4 18. Be2 Bxh3 19. gxh3 Qd7 20. Qg3 Bd6 21.
Qg2 e3 22. d3 dxc4 23. Nxe3 cxd3 24. Bxd3 Nh5 25. Bf5 Ng3+ 26. Kg1 Qc7 27. Rf3 Qxc3 28.
Rb1 Qe1+ 29. Nf1 Rxf5 30. Rxf5 Nxf5 31. Qd5+ Kh8 32. Qxf5 Rf8 33. Bf4 Rxf5 34. Rxe1 Rxf4 35. Kg2 Rf8 36. Ne3 b6 37. Nc4 Bc5 38. Ne5 h6 39. Ng6+ Kg8 40. Nxf8 Kxf8 41. Rd1 Ke7 42. Kf3 g6 43.
Ke4 Ke6 44. Rd2 a5 45. Rg2 Kf6 46. Kd5 Kf5 47. Re2 g5 48. Re1 Kf4 49. Ke6 Kg3 50.
Kf5 Kxh3 51. Re6 Kg3 52. Rxh6 Be3 53. Rg6 Kf3 54. Ke5 g4 55. Rf6+ Ke2 56. Rg6 Kf3 57. Rf6+ Kg2 58. Ke4 Bc5 59. Kf4 g3 60. Rg6 Kf2 61. Re6 g2 62. Rg6 g1=Q 63. Rxg1 Kxg1 64. Ke4 Kf1 65. Kd3 Ke1 66. Kc4 Kd2 67. Kb3 Kd3 68.
a3 Kd4 69. Ka4 Kd3 70. Kb5 Bxa3 71. Ka4 Bb4 72. Kb5 Kc3 73. Ka4 Kb2 74. Kb5 Kb3 75. Ka6 a4 76. Kb5 a3 77. Kc6 a2 78.
Kxb6 a1=Q 79. Kb5 Qa5+ 80. Kc6 Qc5+ 81. Kd7 Kc4 82. Kd8 Qa7 83. Kc8 Kd5 84. Kd8 Ke6 85.
Kc8 Kd6 86. Kd8 Qc7+ 87. Ke8 Qe7# 0-1

[Event "Late-Titled-Tuesday-Blitz-June-25-2024"]
[Site "Chess.com"]
[Date "2024.06.25"]
[Round "1"]
[White "Gangster-accountant01"]
[Black "protectiago"]
[Result "1-0"]
[WhiteElo "2557"]
[BlackElo "2130"]
[TimeControl "180+1"]
[EndTime "14:08:58 PDT"]
[Termination "Gangster-accountant01 won on time"]

1. d4 Nf6 2. Nf3 g6 3. g3 Bg7 4. Bg2 O-O 5. O-O d6 6. Nbd2 c6 7. e4 Bg4 8. Re1 Qa5 9. h3 Bxf3 10. Bxf3 e5 11. Nc4 Qc7 12. c3 Nbd7 13. Be3 Rfd8 14. Bg2 Nf8 15. Qc2 Ne6 16. Rad1 h6 17. Qc1 Kh7 18. f4 b5 19. fxe5 bxc4 20. exf6 Bf8 21. d5 cxd5 22. exd5 Nc5 23. Bxc5 Qxc5+ 24. Kh2 h5 25.
Qf4 Bh6 26. Qf1 Rab8 27. Rb1 Re8 28. Re7 Kg8 29. Rbe1 Rxe7 30. fxe7 Re8 31. Re4 Qxd5 32. Rxc4 Qe5 33. Re4 Qc5 34. Re1 d5 35. b4 Qd6 36.
Rd1 Rxe7 37. Rxd5 Qe6 38. Qd1 Qe3 39. Rd8+ Kh7 40. Qd4 Bg7 41. Qxe3 Rxe3 42. c4 Be5 43.
Bd5 Bxg3+ 44. Kg2 Be1 45. Rd7 Bxb4 46. Rxf7+ Kh6 47. Rxa7 Bc5 48. Ra8 Re2+ 49. Kf3 Rf2+ 50. Kg3 Rd2 51. h4 Rd3+ 52. Kg2 Rd2+ 53. Kf3 Rf2+ 54. Kg3 Rd2 55. Rd8 Rb2 56. Rd7 Bd4 57. Bg8 g5 58. hxg5+ Kxg5 59. Rxd4 Rxa2 60. Rd5+ Kf6 61.
Rxh5 Rc2 62. Bd5 Ke7 63. Kf4 Kd6 64. Re5 Rf2+ 65. Ke3 Rf1 66. Re6+ Kc5 67. Rc6+ Kb4 68. Rc8 Re1+ 69. Kd4 Rd1+ 70. Ke5 Re1+ 71. Kd6 Rc1 72.
c5 Re1 73. Rb8+ Ka5 74. c6 1-0

[Event "Late-Titled-Tuesday-Blitz-June-25-2024"]
[Site "Chess.com"]
[Date "2024.06.25"]
[Round "1"]
[White "Rsnr"]
[Black "TheoSlade"]
[Result "1/2-1/2"]
[WhiteElo "2857"]
[BlackElo "2493"]
[TimeControl "180+1"]
[EndTime "14:08:59 PDT"]
[Termination "Game drawn - insufficient material"]

1. d4 d5 2. c4 e6 3. Nf3 a6 4. e3 Nf6 5. b3 Be7 6. Bd3 O-O 7.
O-O c5 8. Bb2 Nc6 9. Nbd2 b6 10.
Qe2 Bb7 11. Rac1 Rc8 12. Rfd1 Qc7 13. h3 dxc4 14. bxc4 Rfd8 15. Nb3 cxd4 16. exd4 Nh5 17. Qe3 Qf4 18. Be4 Qxe3 19. fxe3 Ng3 20. Bd3 Nb4 21. Kf2 Nxd3+ 22. Rxd3 Ne4+ 23. Kg1 b5 24. c5 Nxc5 25.
Nxc5 Bxc5 26. Rdd1 Bd6 27. Kf2 Rxc1 28. Rxc1 Rc8 29. Rxc8+ Bxc8 30. Ke2 Kf8 31. Kd3 Ke7 32. e4 f6 33. Bc3 Bb7 34. Ba5 Kd7 35. g4 Bc6 36. Nd2 Ke7 37. Nb3 h5 38. Bd2 hxg4 39. hxg4 Kd7 40. Na5 Ba8 41. g5 fxg5 42. Bxg5 Be7 43. Be3 g5 44. Nb3 g4 45. Bf4 Bd6 46.
Nc5+ Bxc5 47. dxc5 Kc6 48. Kd4 Bb7 49. a3 Bc8 50. Bd6 Bd7 51. Ke3 e5 52. Bxe5 Kxc5 53. Kd3 a5 54. Bd4+ Kc6 55. Bf2 Be6 56. Kc3 Bf7 57.
Bg3 Bg6 58. Kd4 Bh7 59. Be1 b4 60. axb4 a4 61. Bc3 g3 62. Ke3 g2 63. Kf2 Bxe4 64. Bd4 Kb5 65. Ke1 Kxb4 66. Kd2 a3 67. Kc1 a2 68. Kb2 Bd5 69. Bg1 Kc4 70. Bf2 Kd3 71.
Bg1 Ke2 72. Ka1 Kf1 73. Bc5 Ke2 74. Bb6 Kf3 75. Bc5 Ke4 76. Bg1 Kd3 77. Bf2 Kc4 78.
Bg1 Kb5 79. Bf2 Kc6 80. Bg1 Kd7 81. Bf2 Ke6 82. Bg1 Kf5 83. Bf2 Ke4 84. Bg1 Kf3 85. Bc5 Ke2 86. Bb6 Kf1 87. Bc5 g1=Q 88. Bxg1 Kxg1 89.
Kb2 Kf2 90. Ka1 Ke3 91. Kb2 Kd4 92. Ka1 Kc5 93. Kb2 Kb4 94. Ka1 Bc4 95. Kb2 a1=Q+ 96.
Kxa1 1/2-1/2

[Event "Late-Titled-Tuesday-Blitz-June-25-2024"]
[Site "Chess.com"]
[Date "2024.06.25"]
[Round "1"]
[White "HalfIsCrayfish"]
[Black "akanga001"]
[Result "1-0"]
[WhiteElo "2567"]
[BlackElo "2190"]
[TimeControl "180+1"]
[EndTime "14:09:37 PDT"]
[Termination "HalfIsCrayfish won on time"]

1. d4 d5 2. c4 dxc4 3. e4 Nc6 4. Be3 Nf6 5. e5 Nd5 6. Bxc4 Nxe3 7. fxe3 Bf5 8. Nc3 e6 9. Nf3 Be7 10. O-O O-O 11.
Qe2 Nb4 12. a3 Nd5 13. e4 Nxc3 14. bxc3 Bg4 15. Rad1 c6 16. h3 Bh5 17. Kh2 Bxa3 18. d5 exd5 19. exd5 cxd5 20. Bxd5 Qe7 21. g4 Bg6 22.
Nd4 Rae8 23. e6 Qd6+ 24. Kg1 Qxd5 25. exf7+ Bxf7 26. Qd2 Bc5 27. Rf5 Qe4 28. Rxc5 Bd5 29. Nf3 Rxf3 30. Qxd5+ Qxd5 31. Rdxd5 Rxh3 32. Kg2 Rhe3 33. Rc7 R8e7 34. Rdd7 Rxd7 35. Rxd7 Rxc3 36. Rxb7 a5 37. Ra7 Ra3 38. Rb7 Ra1 39. Kg3 g5 40. Ra7 a4 41. Kf3 a3 42. Kg2 a2 43. Kh2 h6 44. Kg2 Kf8 45. Kh2 Ke8 46. Kg2 Kd8 47. Kh2 Kc8 48. Kg2 Kb8 49. Ra3 Kb7 50. Kh2 Kb6 51.
Ra8 Kc5 52. Kg2 Kd5 53. Ra5+ Ke4 54. Ra4+ Ke3 55. Ra3+ Kd2 56. Ra8 Kc3 57. Rc8+ Kd4 58. Ra8 Ke5 59. Ra5+ Kf6 60. Kh2 Ke6 61. Kg2 Kd6 62.
Ra6+ Ke5 63. Ra5+ Kd4 64. Ra8 Kc4 65. Rc8+ Kb3 66. Rb8+ Kc2 67. Rc8+ Kd2 68. Ra8 Ke2 69.
Re8+ Kd3 70. Rd8+ Ke3 71. Ra8 Re1 72. Ra3+ Kf4 73. Rxa2 Kxg4 74. Ra4+ Kh5 75. Kf2 Re5 76. Ra6 Rf5+ 77. Kg2 Rf4 78. Ra3 Rb4 79. Rh3+ Kg4 80. Ra3 h5 81. Ra2 h4 82. Rc2 Kf4 83. Kh2 g4 84. Rf2+ Kg5 85. Ra2 Kf4 86. Rf2+ Ke3 87. Ra2 g3+ 88. Kg2 Kf4 89. Kh3 Kf3 90. Ra3+ Kf2 91.
Ra2+ Kf3 92. Ra3+ 1-0

[Event "Late-Titled-Tuesday-Blitz-June-25-2024"]
[Site "Chess.com"]
[Date "2024.06.25"]
[Round "2"]
[White "rdarruda"]
[Black "ferdipy"]
[Result "1-0"]
[WhiteElo "2556"]
[BlackElo "2345"]
[TimeControl "180+1"]
[EndTime "14:11:50 PDT"]
[Termination "rdarruda won by resignation"]

1. d4 e5 2. dxe5 d6 3. exd6 Bxd6 4. Nf3 Nc6 5. e3 Bg4 6. Be2 Qe7 7. c3 O-O-O 8. Qa4 h5 9. Nbd2 Kb8 10. Nc4 Bc5 11.
b4 Bb6 12. Nxb6 axb6 13. Bd2 Nf6 14. O-O-O Ne4 15. Be1 Rxd1+ 16. Bxd1 Rd8 17. h3 Qg5 18. Nxg5 1-0

[Event "Late-Titled-Tuesday-Blitz-June-25-2024"]
[Site "Chess.com"]
[Date "2024.06.25"]
[Round "2"]
[White "2008king"]
[Black "GlavkonVVS"]
[Result "0-1"]
[WhiteElo "2388"]
[BlackElo "2636"]
[TimeControl "180+1"]
[EndTime "14:11:54 PDT"]
[Termination "GlavkonVVS won by resignation"]

1. e4 Nf6 2. e5 Nd5 3. d4 d6 4.
Bc4 Nb6 5. Bb3 a5 6. a4 dxe5 7. Qh5 e6 8. dxe5 c5 9. Qe2 Nc6 10. Nf3 Be7 11. O-O O-O 12. Rd1 Qc7 13. Nbd2 Bd7 14. c3 Rfd8 15. Nc4 Nxc4 16. Bxc4 Be8 17. Bg5 Bxg5 18. Nxg5 Qxe5 19. Qc2 Qxg5 0-1

[Event "Late-Titled-Tuesday-Blitz-June-25-2024"]
[Site "Chess.com"]
[Date "2024.06.25"]
[Round "2"]
[White "UnTucopalaTimba"]
[Black "Artyom_ChessMate"]
[Result "0-1"]
[WhiteElo "2125"]
[BlackElo "2543"]
[TimeControl "180+1"]
[EndTime "14:12:14 PDT"]
[Termination "Artyom_ChessMate won by resignation"]

1. e4 c5 2. Nf3 d6 3. Bb5+ Bd7 4.
Bxd7+ Qxd7 5. c4 Nc6 6. Nc3 g6 7. d4 cxd4 8. Nxd4 Bg7 9. Be3 Nf6 10. f3 O-O 11. O-O Rac8 12. Qd3 a6 13. Rac1 Ne5 14. Qe2 Nxc4 15. Bf2 b5 16. b3 Ne5 17. Rfd1 Nc6 18.
Nc2 Qb7 19. Nd5 Nxd5 20. Rxd5 Nb4 21. Rdd1 Nxa2 0-1

[Event "Late-Titled-Tuesday-Blitz-June-25-2024"]
[Site "Chess.com"]
[Date "2024.06.25"]
[Round "2"]
[White "AungTZ"]
[Black "CFalcons8"]
[Result "0-1"]
[WhiteElo "1956"]
[BlackElo "2434"]
[TimeControl "180+1"]
[EndTime "14:12:20 PDT"]
[Termination "CFalcons8 won by resignation"]

1. e4 e5 2. Nf3 Nc6 3. d4 exd4 4. Nxd4 Nf6 5. Nc3 Bb4 6. Nxc6 bxc6 7. Bd3 d5 8. exd5 cxd5 9. O-O O-O 10. Bg5 c6 11. h3 h6 12. Bh4 Be7 13. Re1 Re8 14.
Qf3 Be6 15. Ne2 Nd7 16. Nf4 Bxh4 17. Nxe6 Rxe6 18. Qf5 g6 19. Qg4 Ne5 20. Qf3 Nxf3+ 0-1

[Event "Late-Titled-Tuesday-Blitz-June-25-2024"]
[Site "Chess.com"]
[Date "2024.06.25"]
[Round "2"]
[White "jinxy2009"]
[Black "kasparicy"]
[Result "0-1"]
[WhiteElo "2248"]
[BlackElo "2499"]
[TimeControl "180+1"]
[EndTime "14:12:26 PDT"]
[Termination "kasparicy won by resignation"]

1. c4 e6 2. g3 f5 3. Bg2 Nf6 4. Nc3 d6 5. Nf3 Nc6 6. d4 Be7 7. O-O O-O 8. Re1 a5 9. Rb1 e5 10. d5 Nb4 11. a3 Na6 12. b4 axb4 13. axb4 Kh8 14. c5 Qe8 15. e4 fxe4 16. Nxe4 Nxe4 17. Rxe4 Bf5 18. Re1 Bxb1 0-1

[Event "Late-Titled-Tuesday-Blitz-June-25-2024"]
[Site "Chess.com"]
[Date "2024.06.25"]
[Round "2"]
[White "romulocardoso"]
[Black "JiangoFett"]
[Result "0-1"]
[WhiteElo "2308"]
[BlackElo "2523"]
[TimeControl "180+1"]
[EndTime "14:12:28 PDT"]
[Termination "JiangoFett won by resignation"]

1. e4 c5 2. Nf3 Nc6 3. d4 cxd4 4. Nxd4 e6 5. Nxc6 bxc6 6. Bd3 d5 7. O-O Nf6 8. Bg5 Be7 9. e5 Nd7 10. Bxe7 Qxe7 11.
Re1 O-O 12. Nd2 Rb8 13. b3 f5 14. exf6 Qxf6 15. Nf3 e5 16. Qe2 e4 17. Bxe4 dxe4 18. Qxe4 Kh8 19. Rad1 Nb6 20. Qe5 Bg4 21. Qf5 Qxf5 0-1

[Event "Late-Titled-Tuesday-Blitz-June-25-2024"]
[Site "Chess.com"]
[Date "2024.06.25"]
[Round "2"]
[White "KVAIDAN"]
[Black "Incognizance"]
[Result "1-0"]
[WhiteElo "2435"]
[BlackElo "1965"]
[TimeControl "180+1"]
[EndTime "14:12:31 PDT"]
[Termination "KVAIDAN won by resignation"]

1. f4 d5 2. Nf3 Nf6 3. e3 g6 4. Be2 Bg7 5. O-O O-O 6. d3 c5 7. Kh1 Bg4 8. Qe1 Nc6 9. Qh4 Bxf3 10. Bxf3 e6 11. Qh3 Rb8 12. c3 d4 13. cxd4 cxd4 14. e4 e5 15. f5 Nh5 16. Bxh5 gxh5 17. Qxh5 Qf6 18. Bg5 Qd6 19. f6 Bh8 20. Bh6 Rfe8 21. Qg4+ 1-0

[Event "Late-Titled-Tuesday-Blitz-June-25-2024"]
[Site "Chess.com"]
[Date "2024.06.25"]
[Round "2"]
[White "reevecanada"]
[Black "scrambleyourbrain"]
[Result "1-0"]
[WhiteElo "2709"]
[BlackElo "2398"]
[TimeControl "180+1"]
[EndTime "14:12:35 PDT"]
[Termination "reevecanada won by resignation"]

1. Nf3 Nf6 2. b3 g6 3. Bb2 Bg7 4. e4 O-O 5. e5 Ne8 6. c4 d6 7. d4 c5 8. dxc5 Qa5+ 9. Qd2 Qxc5 10. Bd4 Qc7 11. exd6 Nxd6 12. Bxg7 Kxg7 13. Nc3 Rd8 14. Qb2 Kg8 15. Be2 e6 16. O-O Nc6 17. Rad1 Ne8 18. Nb5 Qe7 19. Nbd4 Nxd4 20. Rxd4 Rxd4 21. Qxd4 b6 22. Rd1 Bb7 23. Ne5 Nf6 24. Bf3 Bxf3 25. Nxf3 Kg7 26. h4 h6 27. Ne5 Kh7 28. Nc6 Qc7 29.
Qxf6 Qxc6 30. Qxf7+ Kh8 31. Rd7 1-0

[Event "Late-Titled-Tuesday-Blitz-June-25-2024"]
[Site "Chess.com"]
[Date "2024.06.25"]
[Round "2"]
[White "carloseduar100"]
[Black "tgpgoat"]
[Result "0-1"]
[WhiteElo "2289"]
[BlackElo "2514"]
[TimeControl "180+1"]
[EndTime "14:12:54 PDT"]
[Termination "tgpgoat won by resignation"]

1. d4 Nf6 2. Bg5 Ne4 3. h4 d5 4. Nd2 Nxg5 5. hxg5 e5 6. dxe5 Qxg5 7. Ngf3 Qd8 8. e4 c6 9. Bd3 g6 10. Qe2 Bg7 11. exd5 cxd5 12. O-O-O Nc6 13. Kb1 Be6 14. Ng5 Qxg5 15. Nf3 Qe7 16. Rh4 Nxe5 17. Bb5+ Nc6 18. Rhd4 Bxd4 19. Nxd4 O-O 20. Nxc6 bxc6 21. Bxc6 Rac8 22.
Bxd5 Rfd8 23. Bf3 Rxd1+ 24. Qxd1 Bf5 25. Ka1 Rxc2 26. g4 Qc7 0-1

[Event "Late-Titled-Tuesday-Blitz-June-25-2024"]
[Site "Chess.com"]
[Date "2024.06.25"]
[Round "2"]
[White "KatakuriDono"]
[Black "CrimeFightingSpider07"]
[Result "0-1"]
[WhiteElo "2323"]
[BlackElo "2533"]
[TimeControl "180+1"]
[EndTime "14:12:56 PDT"]
[Termination "CrimeFightingSpider07 won by resignation"]

1. e4 c5 2. Nf3 e6 3. c3 Nf6 4. e5 Nd5 5. a3 d6 6. d4 cxd4 7. c4 Nc6 8. cxd5 exd5 9. exd6 Bxd6 10. Nxd4 Nxd4 11. Qxd4 O-O 12. Be2 Re8 13. Be3 Be5 14. Qd2 d4 15. Bg5 f6 16. Bh4 d3 17. O-O dxe2 18.
Qxe2 Bxh2+ 0-1